Map: Romanticide LE

Players

Nice - Winner!

  • Race: Protoss Protoss

ButAlways

  • Race: Protoss Protoss

Event: DreamHack SC2 Masters 2021 Fall

VOD

Have the link to the VOD?

Description

Time

  • Played on: July 30, 2021, 7:31 a.m.
  • Length: 17:48

All games in this series

Show
View Real Time Build Order
Export as new Build Order

Nice Protoss - Winner!

Build Orders: Blink Stalkers, Carriers 

Get SALT Encoding   

  12  0:00  Probe  
  13  0:12  Probe  
  14  0:20  Pylon  
  14  0:24  Probe  
  15  0:38  Gateway, Probe (Chrono Boost)  
  16  0:48  Assimilator, Probe (Chrono Boost)  
  17  0:53  Probe (Chrono Boost)  
  18  1:04  Probe  
  18  1:10  Assimilator  
  19  1:12  Pylon  
  19  1:16  Probe  
  20  1:27  Cybernetics Core  
  20  1:28  Probe (Chrono Boost)  
  24  1:40  Probe (Chrono Boost)  
  24  1:44  Probe (Chrono Boost)  
  23  1:56  Nexus  
  23  2:00  Probe  
  24  2:06  Warp Gate  
  24  2:10  Stalker (Chrono Boost)  
  27  2:15  Probe  
  27  2:25  Shield Battery  
  27  2:31  Stalker  
  29  2:43  Robotics Facility  
  29  2:48  Shield Battery  
  29  2:49  Probe  
  30  2:55  Shield Battery  
  30  2:59  Shield Battery  
  30  3:03  Twilight Council  
  30  3:06  Probe (Chrono Boost)  
  30  3:08  Sentry  
  30  3:10  Probe (Chrono Boost)  
  34  3:18  Probe (Chrono Boost)  
  36  3:21  Probe (Chrono Boost)  
  36  3:24  Probe (Chrono Boost)  
  36  3:26  Probe (Chrono Boost)  
  37  3:32  Probe  
  39  3:34  Gateway  
  39  3:35  Blink (Chrono Boost)  
  39  3:37  Probe  
  40  3:44  Probe  
  41  3:49  Probe  
  41  3:51  Forge  
  42  3:55  Sentry  
  42  3:56  Probe  
  42  4:01  Probe  
  45  4:04  Pylon  
  45  4:08  Probe  
  46  4:10  Robotics Facility  
  46  4:17  Pylon  
  46  4:21  Assimilator  
  46  4:22  Probe x2  
  48  4:24  Protoss Ground Weapons Level 1  
  48  4:35  Gateway  
  48  4:37  Stalker  
  50  4:39  Gateway  
  50  4:42  Shield Battery  
  50  4:44  Pylon  
  50  4:48  Stalker  
  50  4:51  Probe  
  50  4:52  Probe  
  54  4:54  Assimilator  
  55  5:00  Observer (Chrono Boost)  
  55  5:06  Pylon, Stalker  
  57  5:07  Probe x2  
  57  5:13  Stalker  
  61  5:20  Immortal (Chrono Boost)  
  65  5:26  Shield Battery  
  65  5:32  Probe  
  66  5:36  Sentry, Stalker  
  66  5:40  Pylon  
  70  5:48  Nexus  
  70  5:52  Probe  
  70  5:53  Probe  
  70  5:54  Observer  
  70  5:55  Observer (Chrono Boost)  
  73  5:59  Gateway  
  73  6:02  Gateway  
  73  6:06  Sentry x2  
  73  6:07  Probe  
  73  6:09  Probe  
  79  6:13  Shield Battery  
  79  6:16  Observer  
  79  6:23  Immortal (Chrono Boost)  
  79  6:24  Shield Battery  
  83  6:36  Stalker  
  85  6:40  Observer  
  85  6:41  Pylon  
  85  6:43  Protoss Ground Weapons Level 2 (Chrono Boost)  
  85  6:44  Shield Battery x2  
  85  6:47  Probe  
  86  6:55  Observer  
  86  6:58  Probe  
  86  7:00  Probe x2  
  88  7:05  Charge  
  92  7:10  Probe  
  92  7:12  Probe  
  92  7:14  Probe  
  95  7:22  Probe  
  90  7:23  Observer (Chrono Boost), Stalker x2  
  90  7:24  Stalker x4  
  99  7:36  Probe  
  98  7:37  Observer (Chrono Boost), Probe x2  
  101  7:50  Stalker x3  
  107  7:59  Probe x2  
  109  8:10  Photon Cannon  
  109  8:11  Photon Cannon  
  109  8:12  Pylon  
  109  8:14  Pylon  
  109  8:18  Pylon  
  109  8:19  Pylon  
  109  8:27  Photon Cannon  
  109  8:31  Probe x3  
  112  8:36  Assimilator  
  112  8:37  Assimilator  
  112  8:39  Robotics Bay  
  112  8:42  Pylon  
  112  8:43  Probe x3  
  112  8:45  Pylon, Immortal  
  117  8:55  Probe x2  
  119  8:59  Protoss Ground Weapons Level 3 (Chrono Boost)  
  119  9:04  Pylon, Robotics Facility  
  119  9:06  Gateway  
  119  9:09  Gateway  
  119  9:15  Pylon  
  119  9:23  Probe  
  123  9:39  Stalker x3  
  123  9:40  Disruptor (Chrono Boost), Stalker x3  
  135  9:48  Stargate  
  135  9:50  Pylon  
  135  9:52  Pylon, Disruptor (Chrono Boost)  
  135  9:53  Pylon  
  138  10:12  Stalker x3  
  138  10:13  Stalker x3  
  148  10:21  Disruptor (Chrono Boost)  
  151  10:30  Disruptor (Chrono Boost)  
  152  10:52  Shield Battery  
  155  10:58  Nexus  
  155  10:59  Pylon  
  155  11:01  Shield Battery, Stalker x2  
  155  11:02  Stalker x2, Zealot x2  
  155  11:03  Zealot x2  
  171  11:04  Phoenix (Chrono Boost)  
  170  11:21  Disruptor x2  
  176  11:39  Probe x3  
  179  11:47  Fleet Beacon  
  179  11:48  Protoss Shields Level 1 (Chrono Boost)  
  179  11:51  Shield Battery, Probe  
  179  11:52  Shield Battery  
  180  11:55  Photon Cannon  
  180  11:57  Photon Cannon  
  180  11:59  Pylon  
  180  12:00  Disruptor x2  
  170  12:10  Probe x3  
  165  12:16  Stargate  
  162  12:43  Zealot x2  
  161  12:47  Zealot x3  
  161  12:48  Carrier (Chrono Boost)  
  161  12:50  Observer  
  151  12:51  Disruptor  
  151  12:52  Carrier (Chrono Boost)  
  157  13:00  Nexus  
  166  13:09  Assimilator  
  166  13:10  Assimilator  
  166  13:12  Pylon  
  166  13:16  Disruptor  
  166  13:17  Assimilator  
  166  13:27  Probe x3  
  169  13:40  Observer  
  169  13:51  Carrier (Chrono Boost)  
  175  14:00  Protoss Air Weapons Level 1  
  175  14:02  Carrier (Chrono Boost)  
  181  14:08  Photon Cannon  
  181  14:09  Photon Cannon  
  181  14:10  Observer  
  181  14:11  Photon Cannon  
  181  14:12  Zealot  
  181  14:13  Zealot x7  
  186  14:40  Templar Archives  
  186  14:47  Disruptor x2  
  192  14:53  Carrier (Chrono Boost)  
  192  14:55  Nexus  
  192  14:56  Pylon  
  192  14:58  Pylon  
  181  15:24  Stalker x6  
  181  15:25  Stalker x2  
  179  15:41  Observer  
  177  15:44  Observer, Carrier (Chrono Boost)  
  177  15:47  Carrier (Chrono Boost)  
  177  15:53  Gravitic Boosters (Chrono Boost)  
  181  16:00  Photon Cannon x2  
  181  16:01  Shield Battery, High Templar x2  
  181  16:02  Shield Battery, Zealot x3  
  191  16:05  Pylon, Archon  
  191  16:21  Probe x5  
  191  16:23  Assimilator  
  191  16:25  Assimilator  
  196  16:26  High Templar x2  
  196  16:31  Archon  
  184  16:48  Carrier (Chrono Boost)  
  184  16:49  Carrier (Chrono Boost)  
  192  17:10  High Templar x2  
  192  17:14  Nexus, Archon  
  196  17:15  Pylon  
  196  17:21  High Templar x2  
  200  17:25  Archon  
Show
View Real Time Build Order
Export as new Build Order

ButAlways Protoss 

Build Orders: Blink Stalkers, Carriers, Zealot Archon 

Get SALT Encoding   

  12  0:00  Probe  
  13  0:12  Probe  
  14  0:17  Pylon  
  14  0:24  Probe (Chrono Boost)  
  15  0:36  Gateway, Probe (Chrono Boost)  
  16  0:44  Probe (Chrono Boost)  
  16  0:46  Assimilator  
  17  0:51  Probe  
  18  0:57  Assimilator  
  18  1:03  Probe (Chrono Boost)  
  19  1:11  Gateway  
  19  1:13  Probe (Chrono Boost)  
  19  1:18  Probe (Chrono Boost)  
  21  1:26  Cybernetics Core  
  21  1:30  Probe  
  22  1:42  Probe  
  23  1:48  Pylon  
  23  2:05  Stalker x2  
  23  2:06  Warp Gate, Probe  
  28  2:10  Pylon  
  28  2:18  Probe  
  29  2:39  Nexus  
  29  2:44  Sentry x2  
  29  2:48  Probe  
  33  2:57  Pylon  
  33  3:00  Probe  
  34  3:10  Twilight Council  
  34  3:12  Probe (Chrono Boost)  
  35  3:17  Stalker  
  37  3:24  Probe (Chrono Boost)  
  38  3:29  Probe (Chrono Boost)  
  38  3:33  Shield Battery  
  39  3:39  Blink (Chrono Boost)  
  39  3:40  Probe (Chrono Boost)  
  40  3:48  Probe (Chrono Boost)  
  41  3:55  Probe x2  
  43  4:04  Stalker  
  43  4:07  Probe x2  
  47  4:19  Probe x2  
  49  4:28  Stalker x2  
  55  4:31  Probe x2  
  55  4:32  Pylon  
  55  4:43  Probe x2  
  55  4:44  Assimilator  
  55  4:45  Assimilator  
  57  4:47  Robotics Facility  
  57  4:55  Stalker, Probe  
  57  4:58  Probe  
  61  5:06  Gateway  
  61  5:10  Gateway  
  61  5:12  Probe  
  61  5:13  Probe  
  63  5:19  Gateway  
  63  5:21  Gateway  
  63  5:26  Charge  
  63  5:29  Stalker  
  63  5:35  Observer (Chrono Boost), Dark Shrine  
  66  5:44  Pylon  
  66  5:49  Stalker  
  68  5:53  Warp Prism (Chrono Boost)  
  71  6:12  Stalker x2  
  71  6:13  Pylon  
  71  6:14  Stalker  
  71  6:15  Pylon  
  71  6:17  Stalker  
  78  6:30  Pylon  
  78  6:39  Pylon  
  78  6:41  Nexus  
  78  6:53  Dark Templar x3  
  84  6:54  Dark Templar  
  86  7:02  Stalker  
  88  7:21  Immortal  
  92  7:23  Stalker  
  92  7:29  Probe  
  95  7:30  Probe  
  96  7:39  Archon  
  96  7:42  Probe  
  97  7:47  Probe  
  97  7:49  Zealot  
  97  7:50  Zealot x5  
  110  7:57  Observer  
  110  8:03  Robotics Facility  
  110  8:04  Shield Battery  
  110  8:05  Robotics Bay  
  110  8:15  Immortal  
  111  8:28  Probe  
  111  8:30  Archon  
  111  8:35  Stalker x3  
  111  8:37  Pylon  
  111  8:39  Pylon  
  111  8:40  Shield Battery  
  117  8:43  Pylon  
  117  8:46  Shield Battery  
  117  8:52  Disruptor (Chrono Boost)  
  117  8:54  Disruptor (Chrono Boost)  
  116  9:01  Stalker x4  
  116  9:02  Stalker  
  129  9:13  Zealot  
  131  9:24  Pylon  
  131  9:28  Pylon  
  131  9:30  Gateway  
  131  9:31  Gateway  
  131  9:37  Disruptor  
  131  9:41  Disruptor x2  
  137  9:51  Stalker x5  
  143  10:11  Stalker  
  145  10:15  Stalker x2  
  145  10:18  Observer  
  140  10:26  Disruptor  
  143  10:38  Disruptor  
  142  10:45  Probe x2  
  142  10:46  Probe  
  142  10:48  Assimilator x2  
  145  10:51  Pylon  
  145  10:54  Pylon  
  145  10:57  Probe  
  145  11:03  Pylon, Observer  
  147  11:10  Probe  
  147  11:11  Probe  
  149  11:13  Nexus  
  149  11:15  Stargate, Probe  
  150  11:22  Forge, Probe  
  150  11:36  Disruptor  
  150  11:37  Disruptor  
  150  11:39  Probe x2  
  158  11:43  Probe  
  159  11:48  Pylon  
  159  11:50  Pylon  
  159  11:51  Probe  
  160  11:57  Zealot x6  
  163  12:11  Zealot  
  163  12:12  Observer  
  163  12:13  Photon Cannon  
  163  12:14  Photon Cannon  
  166  12:16  Photon Cannon  
  166  12:18  Fleet Beacon  
  166  12:20  Stargate  
  166  12:21  Stargate  
  166  12:23  Photon Cannon  
  166  12:26  Nexus  
  166  12:29  Observer  
  147  13:01  Carrier (Chrono Boost)  
  147  13:04  Photon Cannon  
  159  13:08  Carrier x2 (Chrono Boost)  
  165  13:21  Photon Cannon  
  165  13:25  Assimilator  
  165  13:51  Carrier (Chrono Boost)  
  165  13:53  Assimilator  
  165  13:55  Stargate  
  169  13:57  Stargate  
  169  13:58  Carrier (Chrono Boost)  
  169  13:59  Carrier (Chrono Boost)  
  181  14:08  Shield Battery  
  181  14:12  Protoss Air Weapons Level 1 (Chrono Boost)  
  141  14:44  Shield Battery  
  146  14:47  Carrier (Chrono Boost)  
  146  14:49  Carrier (Chrono Boost)  
  158  14:56  Zealot x2, Carrier (Chrono Boost)  
  158  14:57  Carrier (Chrono Boost)  
  158  14:59  Observer  
  175  15:14  Carrier (Chrono Boost)  
  141  15:25  Zealot x5  
  139  15:33  Observer  
  112  15:42  Disruptor x2  
  96  15:50  Observer  
  94  16:09  Templar Archives  
  94  16:16  Disruptor (Chrono Boost)  
  97  16:19  Sentry  
  97  16:22  Disruptor (Chrono Boost)  
  93  16:44  Carrier  
  85  16:51  Observer (Chrono Boost)  
  85  16:59  High Templar x5  
  95  17:04  Archon x2  
  95  17:05  Observer (Chrono Boost)  
  96  17:16  Observer (Chrono Boost)  
  96  17:18  Nexus  
  97  17:25  Pylon  

Tags
 
Add a new tag
Caveats
  • Supply blocks, unpowered buildings, or Contaminate may cause inaccurate times.
  • Supply counts are checked every 10 seconds.